 Dungeon Sprint DCSS version 0.29-a0-664-gff9cad4a3d (webtiles) character file.

Game seed: 7271948193738762086

107 blackman the Cleaver (level 5, -2/41 HPs)
             Began as a Human Fighter on June 23, 2022.
             Drowned by a water elemental (3 damage)
             ... in the Dungeon (Sprint III: "The Ten Rune Challenge").
             The game lasted 00:01:57 (800 turns).

blackman the Cleaver (Human Fighter)                 Turns: 800, Time: 00:01:57

Health: -2/41      AC:  6    Str: 18    XL:     5   Next: 10%
Magic:  5/5        EV:  9    Int:  8    God:
Gold:   18         SH:  4    Dex: 13    Spells: 4/4 levels left

rFire   . . .      SeeInvis .   a - +0 war axe
rCold   . . .      Faith    .   c - +0 buckler
rNeg    . . .      Spirit   .   b - +0 scale mail
rPois   .          Reflect  .   (no helmet)
rElec   .          Harm     .   (no cloak)
rCorr   .          Rampage  .   (no gloves)
Will    .....      NoTele   +   (no boots)
Stlth   ..........              (no amulet)
HPRegen 0.13/turn               (no ring)
MPRegen 0.09/turn               (no ring)

@: mighty, engulfed (cannot breathe), hasted, very quick
A: no striking features
a: no special abilities


You were in the Dungeon.
You visited 1 branch You collected 18 gold pieces.

Inventory:

Hand Weapons
 a - a +0 war axe (weapon)
Armour
 b - a +0 scale mail (worn)
 c - a +0 buckler (worn)
Scrolls
 f - a scroll of torment {unknown}
 i - a scroll of magic mapping {unknown}
 j - a scroll of blinking
 l - a scroll of immolation {unknown}
 m - a scroll of identify {unknown}
Potions
 h - 2 potions of magic
 k - 3 potions of flight
 n - a potion of attraction {unknown}
 o - 4 potions of mutation


   Skills:
 - Level 3.0 Fighting
 + Level 9.4 Axes
 - Level 3.0 Armour
 - Level 3.0 Shields


You had 4 spell levels left.
You didn't know any spells.
Your spell library contained the following spells:

 Spells                   Type           Power      Damage    Failure   Level
 Apportation              Tloc           0%         N/A       87%         1
 Alistair's Intoxication  Tmut/Pois      0%         N/A       100%        5


Dungeon Overview and Level Annotations

Branches:
Dungeon (1/1)

Altars:


Message History

The water elemental is lightly damaged.
You block the water elemental's attack.
You barely miss the water elemental.
The water elemental is lightly damaged.
The water elemental hits you!
The water elemental engulfs you in water!
You feel yourself speed up.
Your lungs strain for air!
You block the water elemental's attack.
You hit the water elemental.
The water elemental is moderately damaged.
Your lungs strain for air!
The water elemental barely misses you.
You hit the water elemental.
The water elemental is moderately damaged.
* * * LOW HITPOINT WARNING * * *
Your lungs strain for air!
The water elemental hits you.
You hit the water elemental.
The water elemental is moderately damaged.
* * * LOW HITPOINT WARNING * * *
Your lungs strain for air!
You block the water elemental's attack.
You slip free of the water engulfing you.
You gasp with relief as air once again reaches your lungs.
You feel very mighty all of a sudden.
You feel better.
You hit the water elemental but do no damage.
The water elemental is moderately damaged.
You slash the water elemental!
The water elemental is almost destroyed.
The water elemental completely misses you.
You closely miss the water elemental.
The water elemental is almost destroyed.
The water elemental hits you!
* * * LOW HITPOINT WARNING * * *
The water elemental engulfs you in water!
You hit the water elemental.
The water elemental is almost destroyed.
You die...

▓▓▓▓▓▓▓▓▓▓▓ ▓▓▓
<.#..'....♣♣♣ ♣@#
..#..#......♣ ♣♣E#
#'####....♣.♣ ♣..#
..†..#....≈.♣♣♣..#
.....#...≈≈.♣♣.♣.#
.....#..≈≈≈≈.♣♣♣.'.⌠....
####'#..≈≈≈≈≈≈♣..#...###
[..).#.≈≈≈≈≈≈....#.⌠.#
.....#.≈≈≈≈≈.....# ..#


You could see a water elemental.

Vanquished Creatures
  A scorpion (D)
  Jessica (D)
  A human (D)
  3 rats (D)
6 creatures vanquished.

Notes
Turn   | Place    | Note
-------+----------+-------------------------------------------
     0 | D        | blackman the Human Fighter began the quest for the Orb.
     0 | D        | Reached XP level 1. HP: 18/18 MP: 1/1
    70 | D        | Noticed Jessica
    72 | D        | Reached skill level 3 in Axes
    76 | D        | Killed Jessica
    77 | D        | Reached skill level 6 in Axes
    77 | D        | Reached XP level 2. HP: 24/24 MP: 2/2
    77 | D        | Reached XP level 3. HP: 29/29 MP: 3/3
   144 | D        | Noticed a scorpion
   153 | D        | Killed a scorpion
   154 | D        | Reached skill level 8 in Axes
   154 | D        | Reached XP level 4. HP: 15/35 MP: 4/4
   434 | D        | Reached skill level 9 in Axes
   434 | D        | Reached XP level 5. HP: 11/41 MP: 5/5
   782 | D        | Noticed a water elemental
   799 | D        | HP: 1/41 [water elemental (16)]
   800 | D        | Drowned by a water elemental

Illustrated notes

Levels and vault maps discovered:
D:        dungeon_sprint_mu [sprint_mu_entry_forest, sprint_mu_temple_rooms,
          sprint_mu_d1_horrors, sprint_mu_d2_genie, sprint_mu_d3_branching,
          sprint_mu_orc_legion, sprint_mu_elf_gauntlet, sprint_mu_hive_nellie,
          sprint_mu_lair_fedhas, sprint_mu_vaults_butterflies,
          sprint_mu_slime_circle, sprint_mu_swamp_cave, sprint_mu_snake_twists,
          sprint_mu_blade_basic, sprint_mu_crypt_chambers,
          sprint_mu_tomb_spiral, sprint_mu_vestibule_basic,
          sprint_mu_gehenna_hellfire, sprint_mu_dis_giant,
          sprint_mu_tartarus_statrot, sprint_mu_cocytus_islands, sprint_mu_zot1]

Skill      XL: |  1  2  3  4 |
---------------+-------------+-----
Axes           | 6 8 9 |  9.4
Fighting       | |  3.0
Armour         | |  3.0
Shields        | |  3.0

Action                   |  1- 3 |  4- 6 || total
-------------------------+-------+-------++-------
Melee: War axe           |    16 |    35 ||    51
  Use: Potion            |     2 |     3 ||     5
Armor: Scale mail        |     8 |     4 ||    12
Dodge: Dodged            |     6 |    14 ||    20
Block: Buckler           |     6 |     9 ||    15

Table legend: (Time is in decaauts)
 A = Elapsed time spent in this place.
 B = Non-inter-level travel time spent in this place.
 C = Inter-level travel time spent in this place.
 D = Time resting spent in this place.
 E = Time spent auto-exploring this place.
 F = Levels seen in this place.
 G = Mean time per level.
                   A        B        C        D        E       F      G
               +--------+--------+--------+--------+--------+-----+--------+
         Total |    811 |    811 |      0 |    389 |    330 |   1 |  811.0 |
       Dungeon |    811 |    811 |      0 |    389 |    330 |   1 |  811.0 |
               +--------+--------+--------+--------+--------+-----+--------+

Top non-repeatable levels by time:
       D: 811 daAuts
